Workbook

Sheet Instructions
A1: How to Use the Zero-Based Budgeting Tool
A3: 1. Go to the ‘Input’ tab to input your income and expenses.
A4: 2. Input your income details in the ‘Income’ section.
A5: 3. Enter all your expenses in the ‘Expenses’ section.
A6: 4. The budget will automatically calculate the total income, total expenses, and the remaining balance.
A7: 5. Aim for a zero balance by adjusting your income or expenses.
A8: 6. The cell will turn orange until the total left is zero. It will turn red if expenses exceed income. It will turn green when the balance gets to zero.
A9: 7. Check the ‘Summary’ tab for a visual breakdown of your budget.

Sheet Input
A2: Category | B2: Bucket/Pot | C2: Description | D2: January | E2: February | F2: March | G2: April | H2: May | I2: June | J2: July | K2: August | L2: September | M2: October | N2: November | O2: December
A3: Income | C3: Salary | D3: 5000 | E3: 7000 | F3: 4567 | G3: 6799 | H3: 3500 | I3: 4500 | J3: 5500 | K3: 6500 | L3: 4800 | M3: 4600 | N3: 3900 | O3: 5689
A4: Income | C4: Over-Time | D4: 500 | E4: 500 | F4: 500 | G4: 500 | H4: 500 | I4: 500 | J4: 500 | K4: 500 | L4: 500 | M4: 500 | N4: 500 | O4: 500
A5: Income | C5: Side Hustle | D5: 100 | E5: 100 | F5: 100 | G5: 100 | H5: 100 | I5: 100 | J5: 100 | K5: 100 | L5: 100 | M5: 100 | N5: 100 | O5: 100
A6: Total Income | D6: =sum(D3:D5) -> 5600 | E6: =sum(E3:E5) -> 7600 | F6: =sum(F3:F5) -> 5167 | G6: =sum(G3:G5) -> 7399 | H6: =sum(H3:H5) -> 4100 | I6: =sum(I3:I5) -> 5100 | J6: =sum(J3:J5) -> 6100 | K6: =sum(K3:K5) -> 7100 | ... O6: =sum(O3:O5) -> 6289
A9: Expense | B9: Savings | C9: Savings | D9: 1400 | E9: 3500 | F9: 1067 | G9: 300 | H9: 300 | I9: 300 | J9: 300 | K9: 300 | L9: 300 | M9: 300 | N9: 300 | O9: 300
A10: Expense | B10: Investment | C10: Stocks & Shares ISA | D10: 500 | E10: 500 | F10: 500 | G10: 500 | H10: 500 | I10: 500 | J10: 500 | K10: 500 | L10: 500 | M10: 500 | N10: 500 | O10: 500
A12: Expense | B12: Accommodation | C12: Rent/Mortgage | D12: 1200 | E12: 1200 | F12: 1200 | G12: 1200 | H12: 1200 | I12: 1200 | J12: 1200 | K12: 1200 | L12: 1200 | M12: 1200 | N12: 1200 | O12: 1200
A13: Expense | B13: Utilities | C13: Gas | D13: 100 | E13: 100 | F13: 100 | G13: 100 | H13: 100 | I13: 100 | J13: 100 | K13: 100 | L13: 100 | M13: 100 | N13: 100
A14: Expense | B14: Utilities | C14: Electricity | D14: 100 | E14: 100 | F14: 100 | G14: 100 | H14: 100 | I14: 100 | J14: 100 | K14: 100 | L14: 100 | M14: 100 | N14: 100
A15: Expense | B15: Utilities | C15: Water | D15: 50 | E15: 450 | F15: 450 | G15: 450 | H15: 450 | I15: 450 | J15: 450 | K15: 450 | L15: 450 | M15: 450 | N15: 450 | O15: 450
A16: Expense | B16: Household | C16: Groceries | D16: 800 | E16: 800 | F16: 800 | G16: 800 | H16: 800 | I16: 800 | J16: 800 | K16: 800 | L16: 800 | M16: 800 | N16: 800 | O16: 800
A17: Expense | B17: Transportation | C17: Travelcard | D17: 100 | E17: 100 | F17: 100 | G17: 100 | H17: 100 | I17: 100 | J17: 100 | K17: 100 | L17: 100 | M17: 100 | N17: 100 | O17: 100
A18: Expense | B18: Transportation | C18: Petrol | D18: 200 | E18: 200 | F18: 200 | G18: 200 | H18: 200 | I18: 200 | J18: 200 | K18: 200 | L18: 200 | M18: 200 | N18: 200 | O18: 200
A19: Expense | C19: Entertainment | D19: 300 | E19: 300 | F19: 300 | G19: 300 | H19: 300 | I19: 300 | J19: 300 | K19: 300 | L19: 300 | M19: 300 | N19: 300 | O19: 300
A20: Expense | B20: Giving | C20: Church | D20: 100 | E20: 100 | F20: 100 | G20: 100 | H20: 100 | I20: 100 | J20: 100 | K20: 100 | L20: 100 | M20: 100 | N20: 100 | O20: 100
A21: Expense | B21: Giving | C21: Charity | D21: 50 | E21: 50 | F21: 50 | G21: 50 | H21: 50 | I21: 50 | J21: 50 | K21: 50 | L21: 50 | M21: 50 | N21: 50 | O21: 50
A22: Expense | C22: Miscellaneous | D22: 700 | E22: 200 | F22: 200 | G22: 200 | H22: 200 | I22: 200 | J22: 200 | K22: 200 | L22: 200 | M22: 200 | N22: 200 | O22: 200
A23: Expense | C23: Enter Expenses
A24: Expense | C24: Enter Expenses
A25: Expense | C25: Enter Expenses
A26: Total Expense | D26: =sum(D9:D25) -> 5600 | E26: =sum(E9:E25) -> 7600 | F26: =sum(F9:F25) -> 5167 | G26: =sum(G9:G25) -> 4400 | H26: =sum(H9:H25) -> 4400 | I26: =sum(I9:I25) -> 4400 | J26: =sum(J9:J25) -> 4400 | K26: =sum(K9:K25) -> 4400 | ... O26: =sum(O9:O25) -> 4200
A28: Balance | D28: =D6-D26 -> 0 | E28: =E6-E26 -> 0 | F28: =F6-F26 -> 0 | G28: =G6-G26 -> 2999 | H28: =H6-H26 -> -300 | I28: =I6-I26 -> 700 | J28: =J6-J26 -> 1700 | K28: =K6-K26 -> 2700 | ... O28: =O6-O26 -> 2089

Sheet Summary
A1: Month | B1: Total Income | C1: Total Expenses | D1: Balance
A2: January | B2: =SUMIF(Input!A:A, "Income", Input!D:D) -> 5600 | C2: =SUMIF(Input!A:A, "Expense", Input!D:D) -> 5600 | D2: =B2-C2 -> 0
A3: February | B3: =SUMIF(Input!A:A, "Income", Input!E:E) -> 7600 | C3: =SUMIF(Input!A:A, "Expense", Input!E:E) -> 7600 | D3: =B3-C3 -> 0
A4: March | B4: =SUMIF(Input!A:A, "Income", Input!F:F) -> 5167 | C4: =SUMIF(Input!A:A, "Expense", Input!F:F) -> 5167 | D4: =B4-C4 -> 0
A5: April | B5: =SUMIF(Input!A:A, "Income", Input!G:G) -> 7399 | C5: =SUMIF(Input!A:A, "Expense", Input!G:G) -> 4400 | D5: =B5-C5 -> 2999
A6: May | B6: =SUMIF(Input!A:A, "Income", Input!H:H) -> 4100 | C6: =SUMIF(Input!A:A, "Expense", Input!H:H) -> 4400 | D6: =B6-C6 -> -300
A7: June | B7: =SUMIF(Input!A:A, "Income", Input!I:I) -> 5100 | C7: =SUMIF(Input!A:A, "Expense", Input!I:I) -> 4400 | D7: =B7-C7 -> 700
A8: July | B8: =SUMIF(Input!A:A, "Income", Input!J:J) -> 6100 | C8: =SUMIF(Input!A:A, "Expense", Input!J:J) -> 4400 | D8: =B8-C8 -> 1700
A9: August | B9: =SUMIF(Input!A:A, "Income", Input!K:K) -> 7100 | C9: =SUMIF(Input!A:A, "Expense", Input!K:K) -> 4400 | D9: =B9-C9 -> 2700
A10: September | B10: =SUMIF(Input!A:A, "Income", Input!L:L) -> 5400 | C10: =SUMIF(Input!A:A, "Expense", Input!L:L) -> 4400 | D10: =B10-C10 -> 1000
A11: October | B11: =SUMIF(Input!A:A, "Income", Input!M:M) -> 5200 | C11: =SUMIF(Input!A:A, "Expense", Input!M:M) -> 4400 | D11: =B11-C11 -> 800
A12: November | B12: =SUMIF(Input!A:A, "Income", Input!N:N) -> 4500 | C12: =SUMIF(Input!A:A, "Expense", Input!N:N) -> 4400 | D12: =B12-C12 -> 100
A13: December | B13: =SUMIF(Input!A:A, "Income", Input!O:O) -> 6289 | C13: =SUMIF(Input!A:A, "Expense", Input!O:O) -> 4200 | D13: =B13-C13 -> 2089
